 Dungeon Crawl Stone Soup version 0.17.1-1-g73c8601 (webtiles) character file.

56 kolansburg the Twirler (level 3, 0/31 HPs)
             Began as a Minotaur Gladiator on Dec 16, 2015.
             Slain by Grinder (8 damage)
             ... on level 3 of the Dungeon on Dec 17, 2015.
             The game lasted 00:06:12 (1893 turns).

kolansburg the Twirler (Minotaur Gladiator)         Turns: 1893, Time: 00:06:12

Health: 0/31       AC:  3    Str: 19    XL:     3   Next: 71%
Magic:  2/2        EV: 10    Int: 10    God:
Gold:   63         SH:  0    Dex:  9    Spells: 0 memorised, 2 levels left

rFire  . . .     SeeInvis .     a - +0 quarterstaff
rCold  . . .     Clarity  .     k - +0 scale mail
rNeg   . . .     SustAt   .     (shield currently unavailable)
rPois  .         Gourm    .     c - +0 hat
rElec  .         Spirit   .     (no cloak)
rCorr  .         Warding  .     (no gloves)
rMut   .         Stasis   .     (no boots)
MR     .....                    (no amulet)
Stlth  ..........               (no ring)
                                q - ring of wizardry

@: brilliant, not resistant to hostile enchantments, extremely unstealthy
A: retaliatory headbutt, horns 2, clumsy 1, deformed body, MP-powered wands
a: no special abilities


You were on level 3 of the Dungeon.
You were not hungry.

You visited 1 branch of the dungeon, and saw 3 of its levels.

You collected 63 gold pieces.

Inventory:

Hand Weapons
 a - a +0 quarterstaff (weapon)
Missiles
 d - 4 throwing nets (quivered)
Armour
 c - a +0 hat (worn)
 k - a +0 scale mail (worn)
Jewellery
 q - a ring of wizardry (left hand)
Scrolls
 b - a scroll of remove curse {unknown}
 f - a scroll of magic mapping {unknown}
 j - a scroll of blinking {unknown}
 l - a scroll of enchant weapon {unknown}
 p - a scroll of noise {unknown}
 r - a scroll of enchant armour {unknown}
Potions
 h - 2 potions of brilliance
 m - a potion of might {unknown}
 o - a potion of curing {unknown}
Comestibles
 e - 3 bread rations
 i - a beef jerky
 n - 4 meat rations
 s - a slice of pizza


   Skills:
 * Level 3.4 Fighting
 + Level 4.2 Staves
 - Level 2.0 Throwing
 * Level 1.2 Armour
 + Level 3.9 Dodging


You had 2 spell levels left.
You didn't know any spells.

Dungeon Overview and Level Annotations

Branches:
Dungeon (3/15)

Altars:
Xom

Annotations:
D:3 Grinder


Innate Abilities, Weirdness & Mutations

You reflexively headbutt those who attack you in melee.
You have a pair of horns on your head.
You are clumsy. (Dex -2)
Armour fits poorly on your strangely shaped body.
You expend magic power (3 MP) to strengthen your wands.


Message History

Grinder hits you.
You writhe in agony.
Drink which item? (? for menu, Esc to quit)
It was a potion of brilliance.
You feel clever all of a sudden. Grinder hits you.
* * * LOW HITPOINT WARNING * * *
You writhe in agony.
* * * LOW HITPOINT WARNING * * *
You are too injured to fight recklessly!
You hit Grinder.
Grinder is heavily wounded.
Grinder says, "I used to sell toenails on the black market."
Grinder hits you but does no damage.
Drink which item? (? for menu, Esc to quit)
It was a potion of mutation.
You feel extremely strange.
Your body twists and deforms.
You feel your magical essence link to your wands.
You feel clumsy. Grinder hits you!
You die...

.............####
#..............
#..........)##
#...........# #
##...........# .#
#............###.#
#...#######......#
#.###...# #......##
#......@#######........
#.......5.....'.....###
#.....<.#######.....#
#####...# #........+
#...# ####)....# #...#
####.....# #####
#........# #........#
#...<....#


You could see Grinder.

Vanquished Creatures
  An adder (D:2)
  2 worms (D:2)
  5 bats
  9 goblins
  6 hobgoblins
  5 jackals (D:1)
  A ball python (D:2)
  2 giant newts
  6 kobolds
  7 rats
44 creatures vanquished.

Notes
Turn   | Place    | Note
--------------------------------------------------------------
     0 | D:1      | kolansburg the Minotaur Gladiator began the quest for the Orb.
     0 | D:1      | Reached XP level 1. HP: 18/18 MP: 0/0
   229 | D:1      | Reached XP level 2. HP: 23/25 MP: 1/1
  1002 | D:2      | Found a shimmering altar of Xom.
  1002 | D:2      | Found a shimmering altar of Xom.
  1002 | D:2      | Found a shimmering altar of Xom.
  1003 | D:2      | Found a shimmering altar of Xom.
  1004 | D:2      | Found a shimmering altar of Xom.
  1008 | D:2      | Found a shimmering altar of Xom.
  1144 | D:2      | Reached XP level 3. HP: 29/31 MP: 2/2
  1149 | D:2      | Reached skill level 4 in Staves
  1288 | D:2      | Reached skill level 1 in Armour
  1867 | D:3      | Noticed Grinder
  1893 | D:3      | Gained mutation: Armour fits poorly on your strangely shaped body. [potion of mutation]
  1893 | D:3      | Gained mutation: You expend magic power (3 MP) to strengthen your wands. [potion of mutation]
  1893 | D:3      | Gained mutation: You are clumsy. (Dex -2) [potion of mutation]
  1893 | D:3      | Slain by Grinder

Action                   || total
-------------------------++-------
Melee: Quarterstaff      ||    85
  Use: Potion            ||     2
  Eat: Bread ration      ||     1
